AAA
EDMONTON EDGE @ ROUND ROCK EXPRESS
05/23/2052
 
TOP OF THE 1ST
Round Rock Express batting - Pitching for Omaha Storm Chasers : RHP Jude Kiers
Pitching: RHP Jude Kiers
Batting: RHB Ramo Izquierdo 0-0: Ball
1-0: Ground out 5-3 (Groundball, 56, EV 108.8 MPH)
Batting: LHB Kenny Stehlik 0-0: Ball
1-0: Foul Ball, location: 3F
1-1: Ball
2-1: Swinging Strike
2-2: SINGLE (Line Drive, 4D, EV 96.3 MPH)
Batting: RHB Santo Alonso 0-0: Foul Ball, location: 25FF
0-1: Ball
1-1: Ball
2-1: Foul Ball, location: 2F
2-2: Ball
3-2: Strikes out swinging
Batting: RHB Elvis Dolley 0-0: Called Strike
0-1: Called Strike
0-2: Fielders Choice at 2nd, U4 (Groundball, 4M, EV 94.4 MPH)
Top of the 1st over - 0 runs, 1 hit, 0 errors, 1 left on base; Round Rock 0 - Omaha 0
BOTTOM OF THE 1ST
Omaha Storm Chasers batting - Pitching for Round Rock Express : LHP Malachi Levi
Pitching: LHP Malachi Levi
Batting: RHB Claud Smith 0-0: Ball
1-0: DOUBLE (Groundball, 5L, EV 103.1 MPH)
Batting: LHB Chandler Wray 0-0: Ball
1-0: Fly out, F5 (Popup, 5F, EV 73.1 MPH)
Batting: RHB Iñigo Arroyo 0-0: Swinging Strike
0-1: Ball
1-1: Ball
2-1: Ball
3-1: SINGLE (Flyball, 56D, EV 84.4 MPH)
Claud Smith to third
Batting: RHB Killian Reeves 0-0: Ball
1-0: Called Strike
1-1: Ball
2-1: Ground out U3 (Groundball, 3, EV 66.3 MPH)
Claud Smith scores
Iñigo Arroyo to second
Batting: RHB Kane Rodman 0-0: Called Strike
0-1: Foul Ball, location: 9LDF
0-2: Ball
1-2: Strikes out swinging
Bottom of the 1st over - 1 run, 2 hits, 0 errors, 1 left on base; Round Rock 0 - Omaha 1
TOP OF THE 2ND
Round Rock Express batting - Pitching for Omaha Storm Chasers : RHP Jude Kiers
Batting: LHB Jeremy McCray 0-0: Called Strike
0-1: Ball
1-1: Ground out 4-3 (Groundball, 4, EV 85.0 MPH)
Batting: RHB Brock Harmon 0-0: Ball
1-0: Ground out 6-3 (Groundball, 6, EV 100.0 MPH)
Batting: LHB Kobe Black 0-0: Ball
1-0: Ball
2-0: Foul Ball, location: 2F
2-1: Foul Ball, location: 2F
2-2: Strikes out swinging
Top of the 2nd over - 0 runs, 0 hits, 0 errors, 0 left on base; Round Rock 0 - Omaha 1
BOTTOM OF THE 2ND
Omaha Storm Chasers batting - Pitching for Round Rock Express : LHP Malachi Levi
Batting: RHB Axel Armenta 0-0: Ball
1-0: Called Strike
1-1: Ball
2-1: Ball
3-1: Foul Ball, location: 23F
3-2: Strikes out looking
Batting: RHB Pruden De La Cruz 0-0: Ball
1-0: Ball
2-0: SINGLE (Groundball, 6MD, EV 100.0 MPH)
Batting: LHB Thomas Hardman 0-0: Ball
1-0: Foul Ball, location: 7LDF
1-1: Ball
2-1: Fly out, F6 (Popup, 4MD, EV 44.4 MPH)
Batting: LHB Louie Gray 0-0: Called Strike
0-1: Ball
1-1: Ball
2-1: Called Strike
2-2: Ball
3-2: Ground out 6-3 (Groundball, 6, EV 101.3 MPH)
Bottom of the 2nd over - 0 runs, 1 hit, 0 errors, 1 left on base; Round Rock 0 - Omaha 1
TOP OF THE 3RD
Round Rock Express batting - Pitching for Omaha Storm Chasers : RHP Jude Kiers
Batting: LHB D.J. Callahan 0-0: Ball
1-0: Ball
2-0: Called Strike
2-1: Fly out, F9 (Line Drive, 9LD, EV 110.0 MPH)
Batting: LHB Jedediah Graves 0-0: Ball
1-0: Called Strike
1-1: Ball
2-1: Swinging Strike
2-2: Ball
3-2: SINGLE (Groundball, 34D, EV 101.3 MPH)
Batting: RHB Ramo Izquierdo 0-0: Called Strike
0-1: Grounds into double play, 5-4-3 (Groundball, 56, EV 79.4 MPH)
Top of the 3rd over - 0 runs, 1 hit, 0 errors, 0 left on base; Round Rock 0 - Omaha 1
BOTTOM OF THE 3RD
Omaha Storm Chasers batting - Pitching for Round Rock Express : LHP Malachi Levi
Batting: RHB Claud Smith 0-0: Ball
1-0: Fly out, F7 (Line Drive, 78M, EV 100.6 MPH)
Batting: LHB Chandler Wray 0-0: Ball
1-0: Ground out 3-1 (Groundball, 34, EV 81.9 MPH)
Batting: RHB Iñigo Arroyo 0-0: Ground out 3-1 (Groundball, 34S, EV 87.5 MPH)
Bottom of the 3rd over - 0 runs, 0 hits, 0 errors, 0 left on base; Round Rock 0 - Omaha 1
TOP OF THE 4TH
Round Rock Express batting - Pitching for Omaha Storm Chasers : RHP Jude Kiers
Batting: LHB Kenny Stehlik 0-0: Ball
1-0: Ball
2-0: Foul Ball, location: 3F
2-1: Ball
3-1: Swinging Strike
3-2: Ground out 4-3 (Groundball, 4, EV 79.4 MPH)
Batting: RHB Santo Alonso 0-0: Ball
1-0: Foul Ball, location: 2F
1-1: Ball
2-1: Ball
3-1: Base on Balls
Batting: RHB Elvis Dolley 0-0: Fly out, F3 (Popup, 3F, EV 66.9 MPH)
Batting: LHB Jeremy McCray 0-0: Ball
1-0: Swinging Strike
1-1: Called Strike
1-2: Foul Ball, location: 7LSF
1-2: Foul Ball, location: 2F
1-2: Ball
2-2: Strikes out looking
Top of the 4th over - 0 runs, 0 hits, 0 errors, 1 left on base; Round Rock 0 - Omaha 1
BOTTOM OF THE 4TH
Omaha Storm Chasers batting - Pitching for Round Rock Express : LHP Malachi Levi
Batting: RHB Killian Reeves 0-0: Ball
1-0: Called Strike
1-1: Foul Ball, location: 25FF
1-2: Ground out 6-3 (Groundball, 6, EV 106.3 MPH)
Batting: RHB Kane Rodman 0-0: Ball
1-0: Ball
2-0: Ball
3-0: Base on Balls
Batting: RHB Axel Armenta 0-0: Foul Ball, location: 5F
0-1: Foul Ball, location: 9LDF
0-2: Fly out, F7 (Flyball, 7, EV 88.1 MPH)
Batting: RHB Pruden De La Cruz 0-0: Ball
1-0: Foul Ball, location: 3SF
1-1: Called Strike
1-2: Ball
2-2: Strikes out looking
Bottom of the 4th over - 0 runs, 0 hits, 0 errors, 1 left on base; Round Rock 0 - Omaha 1
TOP OF THE 5TH
Round Rock Express batting - Pitching for Omaha Storm Chasers : RHP Jude Kiers
Batting: RHB Brock Harmon 0-0: Ball
1-0: Ground out 5-3 (Groundball, 56S, EV 108.1 MPH)
Batting: LHB Kobe Black 0-0: Ball
1-0: Ball
2-0: Called Strike
2-1: Foul Ball, location: 2F
2-2: Foul Ball, location: 2F
2-2: Ball
3-2: Base on Balls
Batting: LHB D.J. Callahan 0-0: Ball
1-0: Ball
2-0: Swinging Strike
2-1: Foul Ball, location: 23F
2-2: Ball
3-2: Strikes out swinging
Batting: LHB Jedediah Graves 0-0: Ball
1-0: Called Strike
1-1: SINGLE (Flyball, 56D, EV 95.0 MPH)
Kobe Black to second
Batting: RHB Ramo Izquierdo 0-0: DOUBLE (Flyball, 89D, EV 95.6 MPH)
Kobe Black scores
Jedediah Graves to third
Batting: LHB Kenny Stehlik 0-0: Swinging Strike
0-1: Ball
1-1: Ball
2-1: Foul Ball, location: 3FF
2-2: Foul Ball, location: 7LMFF
2-2: Ball
3-2: Foul Ball, location: 2F
3-2: Strikes out swinging
Top of the 5th over - 1 run, 2 hits, 0 errors, 2 left on base; Round Rock 1 - Omaha 1
BOTTOM OF THE 5TH
Omaha Storm Chasers batting - Pitching for Round Rock Express : LHP Malachi Levi
Batting: LHB Thomas Hardman 0-0: Foul Ball, location: 2F
0-1: Ball
1-1: Ball
2-1: Ground out 6-3 (Groundball, 6, EV 98.1 MPH)
Batting: LHB Louie Gray 0-0: Ball
1-0: Fly out, F8 (Flyball, 8RXD, EV 102.5 MPH)
Batting: RHB Claud Smith 0-0: Called Strike
0-1: DOUBLE (Line Drive, 7LS, EV 103.8 MPH)
Batting: LHB Chandler Wray 0-0: Called Strike
0-1: Ball
1-1: Ball
2-1: Swinging Strike
2-2: Fly out, F8 (Line Drive, 8LM, EV 105.0 MPH)
Bottom of the 5th over - 0 runs, 1 hit, 0 errors, 1 left on base; Round Rock 1 - Omaha 1
TOP OF THE 6TH
Round Rock Express batting - Pitching for Omaha Storm Chasers : RHP Jude Kiers
Batting: RHB Santo Alonso 0-0: Called Strike
0-1: SINGLE (Line Drive, 3D, EV 94.4 MPH)
Batting: RHB Elvis Dolley 0-0: Ball
1-0: Called Strike
1-1: Swinging Strike
1-2: Strikes out swinging
Batting: LHB Jeremy McCray 0-0: Ball
1-0: DOUBLE (Line Drive, 7LS, EV 92.5 MPH)
Santo Alonso to third
Batting: RHB Brock Harmon 0-0: Foul Ball, location: 23F
0-1: Swinging Strike
0-2: Ball
1-2: Ground out 5-3 (Groundball, 56, EV 93.8 MPH)
Batting: LHB Kobe Black 0-0: Ball
1-0: Ball
2-0: Ball
3-0: Base on Balls
Batting: LHB D.J. Callahan 0-0: SINGLE (Line Drive, 5D, EV 96.3 MPH)
Santo Alonso scores
Jeremy McCray to third
Kobe Black to second
Runner from 3rd tries for Home, SAFE, throw by LF to home
Batting: LHB Jedediah Graves 0-0: Called Strike
0-1: Called Strike
0-2: Ball
1-2: Ball
2-2: Ball
3-2: Base on Balls
Kobe Black to third
D.J. Callahan to second
Pitching: RHP Russ Amaral
Batting: RHB Ramo Izquierdo 0-0: Swinging Strike
0-1: Ball
1-1: Ball
2-1: Ball
3-1: Base on Balls
Kobe Black scores
D.J. Callahan to third
Jedediah Graves to second
Batting: LHB Kenny Stehlik 0-0: Ball
1-0: Fly out, F8 (Flyball, 8RM, EV 87.5 MPH)
Top of the 6th over - 3 runs, 3 hits, 0 errors, 3 left on base; Round Rock 4 - Omaha 1
BOTTOM OF THE 6TH
Omaha Storm Chasers batting - Pitching for Round Rock Express : LHP Malachi Levi
Batting: RHB Iñigo Arroyo 0-0: Called Strike
0-1: Foul Ball, location: 5SF
0-2: Strikes out looking
Batting: RHB Killian Reeves 0-0: Foul Ball, location: 2F
0-1: Foul Ball, location: 23FF
0-2: Foul Ball, location: 5F
0-2: Ball
1-2: Fly out, F8 (Flyball, 8LM, EV 93.1 MPH)
Batting: RHB Kane Rodman 0-0: Ball
1-0: Called Strike
1-1: Ground out 6-3 (Groundball, 6, EV 83.1 MPH)
Bottom of the 6th over - 0 runs, 0 hits, 0 errors, 0 left on base; Round Rock 4 - Omaha 1
TOP OF THE 7TH
Round Rock Express batting - Pitching for Omaha Storm Chasers : RHP Russ Amaral
Batting: RHB Santo Alonso 0-0: Ground out 6-3 (Groundball, P, EV 80.0 MPH)
Batting: RHB Elvis Dolley 0-0: Called Strike
0-1: Foul Ball, location: 2F
0-2: Strikes out looking
Batting: LHB Jeremy McCray 0-0: Ground out 4-3 (Groundball, 4, EV 101.9 MPH)
Top of the 7th over - 0 runs, 0 hits, 0 errors, 0 left on base; Round Rock 4 - Omaha 1
BOTTOM OF THE 7TH
Omaha Storm Chasers batting - Pitching for Round Rock Express : LHP Malachi Levi
Batting: RHB Axel Armenta 0-0: Fly out, F9 (Line Drive, 9LM, EV 99.4 MPH)
Batting: RHB Pruden De La Cruz 0-0: Ball
1-0: Ball
2-0: Swinging Strike
2-1: Ball
3-1: Foul Ball, location: 2F
3-2: Foul Ball, location: 3SF
3-2: Base on Balls
Batting: LHB Thomas Hardman 0-0: Ball
1-0: Foul Ball, location: 5FF
1-1: Called Strike
1-2: Foul Ball, location: 2F
1-2: Ball
2-2: Ball
3-2: Strikes out swinging
Pruden De La Cruz steals 2nd base
Batter strikes out.
Batting: LHB Louie Gray 0-0: Ball
1-0: Ball
2-0: Ball
3-0: Base on Balls
Batting: RHB Claud Smith 0-0: Ball
1-0: Fly out, F8 (Flyball, 8RD, EV 95.0 MPH)
Bottom of the 7th over - 0 runs, 0 hits, 0 errors, 2 left on base; Round Rock 4 - Omaha 1
TOP OF THE 8TH
Round Rock Express batting - Pitching for Omaha Storm Chasers : RHP Russ Amaral
Batting: LHB Aarón Fermin 0-0: SINGLE (Line Drive, 56D, EV 101.9 MPH)
Batting: LHB Kobe Black 0-0: Ball
1-0: Called Strike
1-1: Ball
2-1: Ball
3-1: Foul Ball, location: 7LSFF
3-2: Fly out, F9 (Flyball, 89M, EV 93.8 MPH)
Batting: LHB D.J. Callahan 0-0: Swinging Strike
0-1: Ball
1-1: Ball
2-1: Ball
3-1: Base on Balls
Aarón Fermin to second
Batting: LHB Jedediah Graves 0-0: Foul Ball, location: 7LMF
0-1: Called Strike
0-2: Ball
1-2: Ball
2-2: Hit by Pitch
Aarón Fermin to third
D.J. Callahan to second
Batting: RHB Ramo Izquierdo 0-0: Grounds into fielders choice 6-2 (Groundball, 6S, EV 66.9 MPH)
D.J. Callahan to third
Jedediah Graves to second
Batting: LHB Kenny Stehlik 0-0: Ball
1-0: Ball
2-0: Ball
3-0: Called Strike
3-1: Base on Balls
D.J. Callahan scores
Jedediah Graves to third
Ramo Izquierdo to second
Batting: RHB Santo Alonso 0-0: Ground out 4-3 (Groundball, 4, EV 81.9 MPH)
Top of the 8th over - 1 run, 1 hit, 0 errors, 3 left on base; Round Rock 5 - Omaha 1
BOTTOM OF THE 8TH
Omaha Storm Chasers batting - Pitching for Round Rock Express : LHP Malachi Levi
Batting: LHB Chandler Wray 0-0: Ball
1-0: Ground out U3 (Groundball, 34, EV 106.9 MPH)
Pitching: RHP Woody Magid
Batting: RHB Iñigo Arroyo 0-0: Foul Ball, location: 7LSF
0-1: Foul Ball, location: 7LDF
0-2: Fly out, F4 (Popup, 4S, EV 85.6 MPH)
Batting: RHB Killian Reeves 0-0: Ball
1-0: Ball
2-0: Foul Ball, location: 2LF
2-1: Swinging Strike
2-2: Fly out, F7 (Line Drive, 78M, EV 104.4 MPH)
Bottom of the 8th over - 0 runs, 0 hits, 0 errors, 0 left on base; Round Rock 5 - Omaha 1
TOP OF THE 9TH
Round Rock Express batting - Pitching for Omaha Storm Chasers : RHP Russ Amaral
Batting: RHB Elvis Dolley 0-0: Foul Ball, location: 23F
0-1: Ball
1-1: DOUBLE (Line Drive, 3D, EV 98.1 MPH)
Batting: LHB Jeremy McCray 0-0: Ball
1-0: Ball
2-0: Fly out, F7 (Flyball, 7LD, EV 101.3 MPH)
Runner from 2nd tags up, SAFE at 3rd, no throw by LF
Batting: LHB Aarón Fermin 0-0: Called Strike
0-1: Foul Ball, location: 5DF
0-2: DOUBLE (Groundball, 3L, EV 102.5 MPH)
Elvis Dolley scores
Batting: LHB Kobe Black 0-0: Ball
1-0: Ball
2-0: Ball
3-0: Called Strike
3-1: Foul Ball, location: 2F
3-2: Ground out U3 (Groundball, 3, EV 86.3 MPH)
Aarón Fermin to third
Pitching: RHP Cooper Linden
Batting: LHB D.J. Callahan 0-0: Ball
1-0: Foul Ball, location: 5F
1-1: Foul Ball, location: 25FF
1-2: Ball
2-2: Strikes out swinging
Top of the 9th over - 1 run, 2 hits, 0 errors, 1 left on base; Round Rock 6 - Omaha 1
BOTTOM OF THE 9TH
Omaha Storm Chasers batting - Pitching for Round Rock Express : RHP Woody Magid
Batting: RHB Kane Rodman 0-0: Called Strike
0-1: Foul Ball, location: 25FF
0-2: Fly out, F7 (Flyball, 78M, EV 83.8 MPH)
Batting: RHB Axel Armenta 0-0: Foul Ball, location: 2LF
0-1: DOUBLE (Flyball, 8LXD, EV 109.4 MPH)
Batting: RHB Pruden De La Cruz 0-0: Ball
1-0: Called Strike
1-1: Foul Ball, location: 9LSF
1-2: Foul Ball, location: 2F
1-2: SINGLE (Groundball, 4MS, EV 63.8 MPH) (infield hit)
Axel Armenta to third
Batting: LHB Thomas Hardman 0-0: Called Strike
0-1: Swinging Strike
0-2: Ball
1-2: Strikes out swinging
Batting: LHB Louie Gray 0-0: Ball
1-0: Ground out 4-3 (Groundball, 4, EV 106.9 MPH)
Bottom of the 9th over - 0 runs, 2 hits, 0 errors, 2 left on base; Round Rock 6 - Omaha 1
Monday, April 22nd , 2024 - OOTP Baseball 24.11 Build 85